 Dungeon Crawl Stone Soup version 0.30-a0-52-g86a8295270 (webtiles) character file.

Game seed: 18120556346131294713

1756 tatocazan the Demonspawn-At-Arms (level 8, -2/63 HPs)
             Began as a Demonspawn Fighter on Sept 7, 2022.
             Was a Believer of Okawaru.
             Slain by a wraith (9 damage)
             ... on level 6 of the Dungeon.
             The game lasted 00:06:28 (7213 turns).

tatocazan the Demonspawn-At-Arms (DsFi)             Turns: 7213, Time: 00:06:29

Health: -2/63      AC: 16    Str: 19    XL:     8   Next: 78%
Magic:  13/13      EV:  9    Int: 10    God:    Okawaru [**....]
Gold:   308        SH: 10    Dex: 12    Spells: 7/7 levels left

rFire   . . .      SeeInvis +    a - +1 war axe
rCold   . . .      Faith    .    c - +0 buckler
rNeg    . . .      Spirit   .    b - +0 scale mail
rPois   .          Reflect  +    (no helmet)
rElec   .          Harm     .    (no cloak)
rCorr   .          Rampage  .    o - +0 pair of gloves
Will    .....                    l - +1 pair of boots
Stlth   ..........               q - amulet of reflection
HPRegen 0.20/turn                i - +4 ring of protection
MPRegen 0.13/turn                h - ring of see invisible

@: slowed, very slow
A: molten scales 1, foul stench 1, spiny 2, demonic touch 1
a: Renounce Religion, Heroism


You were on level 6 of the Dungeon.
You worshipped Okawaru.
Okawaru was pleased with you.
You visited 1 branch of the dungeon, and saw 6 of its levels.

You collected 308 gold pieces.

Inventory:

Hand Weapons
 a - a +1 war axe (weapon)
Armour
 b - a +0 scale mail (worn)
 c - a +0 buckler (worn)
 l - a +1 pair of boots (worn)
 o - a +0 pair of gloves (worn)
Jewellery
 e - a ring of ice
 h - a ring of see invisible (right hand)
 i - a +4 ring of protection (left hand)
 j - a +6 ring of intelligence
 q - an amulet of reflection (around neck)
 y - a ring of ice
 B - a ring of poison resistance
Wands
 s - a wand of digging (5)
Scrolls
 p - 8 scrolls of identify
 u - a scroll of amnesia
Potions
 d - a potion of might
 f - 2 potions of attraction {unknown}
 g - 3 potions of lignification
 k - 3 potions of resistance {unknown}
 m - 2 potions of ambrosia {unknown}
 n - 3 potions of curing {unknown}
 r - a potion of heal wounds {unknown}
 t - a potion of flight {unknown}
 v - 2 potions of mutation {unknown}
 z - a potion of degeneration {unknown}


   Skills:
 + Level 5.4 Fighting
 * Level 5.7 Axes
 + Level 4.8 Armour
 + Level 4.8 Shields
 * Level 7.2 Invocations


You had 7 spell levels left.
You didn't know any spells.
Your spell library contained the following spells:

 Spells                   Type           Power      Damage    Failure   Level
 Sandblast                Erth           0%         2d4       80%         1
 Slow                     Hex            0%         N/A       80%         1
 Ensorcelled Hibernation  Hex/Ice        0%         N/A       91%         2
 Passwall                 Tmut/Erth      0%         N/A       91%         2
 Scorch                   Fire           0%         2d5       91%         2
 Confusing Touch          Hex            0%         N/A       99%         3
 Ozocubu's Armour         Ice            0%         N/A       99%         3
 Portal Projectile        Hex/Tloc       0%         N/A       99%         3
 Stone Arrow              Conj/Erth      0%         3d7       99%         3
 Swiftness                Air            0%         N/A       99%         3
 Vampiric Draining        Necr           0%         2d6       99%         3
 Flame Wave               Conj/Fire      0%         2d4       100%        4
 Blade Hands              Tmut           0%         N/A       100%        5
 Ozocubu's Refrigeration  Ice            0%         4d7       100%        7
 Tukima's Dance           Hex            Unusable   N/A       N/A         3
 Summon Cactus Giant      Summ           Unusable   N/A       N/A         6

Dungeon Overview and Level Annotations

Branches:
Dungeon (6/15)             Temple (0/1) D:4

Altars:
Gozag
Kikubaaqudgha
Okawaru
Xom
Yredelemnul

Annotations:
D:2 1 runed translucent door, Crazy Yiuf
D:5 3 runed translucent doors, SirDiesAlot's ghost, amateur MiFi


Innate Abilities, Weirdness & Mutations

You are partially covered in molten scales. (AC +2)
You may rarely emit foul miasma when damaged in melee.
You are mostly covered in sharp spines.
Your touch may inflict minor irresistible damage on your foes.


Message History

You are too injured to fight recklessly!
You are too injured to fight recklessly!
You are too injured to fight recklessly!
You are too injured to fight recklessly!
You are too injured to fight recklessly!
You are too injured to fight recklessly!
You are too injured to fight recklessly!
You are too injured to fight recklessly!
You slash the orc warrior!
The orc warrior is almost dead.
You barely miss the wraith. The wraith is struck by your spines.
The wraith hits you but does no damage.
The orc warrior is struck by your spines.
The orc warrior hits you with a +0 mace. x2
The wraith hits you but does no damage.
You take 8 damage, and have 25/62 hp.
You closely miss the orc warrior.
The orc warrior is almost dead.
You barely miss the wraith. The wraith is struck by your spines.
The wraith hits you. The wraith drains your vigour!
You feel as though you will be slow longer.
The orc warrior hits you with a +0 mace.
* * * LOW HITPOINT WARNING * * *
You emit a cloud of foul miasma!
The orc warrior is engulfed in dark miasma.
The orc warrior is poisoned.
You kill the orc warrior!
Okawaru accepts your kill. The wraith completely misses you.
You take 9 damage, and have 16/63 hp.
Things that are here:
a +0 mace; a +0 chain mail You hit the wraith.
The wraith is moderately damaged.
The wraith hits you!
* * * LOW HITPOINT WARNING * * *
The wraith drains your vigour!
You feel as though you will be slow longer.
The wraith hits you!
You die...

#############
#.#.#...#.#.#
##.#†.#..#.##
#.#..###..#.########
#W@## ##..###......
#.)## ##..#..####.
#... ##...## #.
#..## #..### ## ##..
#..## .#. #..# # #
#..# ...# ###


You could see a wraith.

Vanquished Creatures
  Grinder (D:5)
  Eustachio (D:4)
  A water moccasin (D:6)
  An orc warrior (D:6)
  An ice beast (D:6)
  A phantom (D:5)
  A centaur (D:5)
  3 scorpions
  3 wights (D:6)
  A jelly (D:5)
  4 hounds
  7 iguanas
  Ijyb (D:5)
  4 orc wizards
  A gnoll (D:1)
  7 adders
  3 ufetubi
  4 worms
  4 dart slugs
  8 orcs
  5 bats
  13 endoplasms
  5 giant cockroaches
  6 goblins
  4 hobgoblins
  4 quokkas
  9 ball pythons
  4 frilled lizards
  6 kobolds
  3 rats
116 creatures vanquished.

Notes
Turn   | Place    | Note
-------+----------+-------------------------------------------
     0 | D:1      | tatocazan the Demonspawn Fighter began the quest for the
                  | Orb.
     0 | D:1      | Reached XP level 1. HP: 18/18 MP: 1/1
   157 | D:1      | Gained mutation: You may rarely emit foul miasma when
                  | damaged in melee. [demonic ancestry]
   157 | D:1      | Reached XP level 2. HP: 22/24 MP: 2/2
   783 | D:1      | Gained mutation: You are partially covered in molten
                  | scales. (AC +2) [demonic ancestry]
   783 | D:1      | Reached XP level 3. HP: 21/29 MP: 3/3
  1562 | D:2      | Found an iron altar of Okawaru.
  1649 | D:2      | Became a worshipper of Warmaster Okawaru
  1657 | D:2      | Reached XP level 4. HP: 35/35 MP: 4/4
  1858 | D:2      | Found a runed translucent door.
  1859 | D:2      | Noticed Crazy Yiuf
  2366 | D:3      | Reached skill level 1 in Invocations
  2375 | D:3      | Gained mutation: Your touch may inflict minor irresistible
                  | damage on your foes. [demonic ancestry]
  2375 | D:3      | Reached XP level 5. HP: 30/42 MP: 4/6
  2849 | D:3      | Reached skill level 2 in Invocations
  3023 | D:4      | Noticed Eustachio
  3052 | D:4      | Killed Eustachio
  3053 | D:4      | Reached skill level 3 in Invocations
  3053 | D:4      | Gained mutation: You are partially covered in sharp spines.
                  | [demonic ancestry]
  3053 | D:4      | Reached XP level 6. HP: 17/48 MP: 6/8
  3075 | D:4      | Reached * piety under Okawaru
  3078 | D:4      | Found a staircase to the Ecumenical Temple.
  4408 | D:4      | Found a blossoming altar of Fedhas.
  4415 | D:4      | Found a basalt altar of Yredelemnul.
  4415 | D:4      | Found a sacrificial altar of Ru.
  4417 | D:4      | Found an ancient bone altar of Kikubaaqudgha.
  4417 | D:4      | Found an ancient bone altar of Kikubaaqudgha.
  4417 | D:4      | Found a shimmering altar of Xom.
  4460 | D:5      | Entered Level 5 of the Dungeon
  4551 | D:5      | Reached skill level 4 in Invocations
  4618 | D:5      | Gained mutation: You are mostly covered in sharp spines.
                  | [demonic ancestry]
  4618 | D:5      | Reached XP level 7. HP: 48/54 MP: 10/10
  4744 | D:5      | Reached ** piety under Okawaru
  5110 | D:5      | Noticed Ijyb
  5122 | D:5      | Killed Ijyb
  5123 | D:5      | Reached skill level 5 in Invocations
  5363 | D:5      | Noticed Grinder
  5370 | D:5      | Killed Grinder
  5469 | D:5      | Reached XP level 8. HP: 59/61 MP: 12/12
  5558 | D:5      | Found a runed translucent gate.
  5559 | D:5      | Found a runed translucent gate.
  5560 | D:5      | Found a runed translucent gate.
  5560 | D:5      | Found an opulent altar of Gozag.
  5563 | D:5      | Noticed SirDiesAlot's ghost (amateur MiFi)
  6096 | D:6      | Reached skill level 5 in Axes
  6096 | D:6      | Reached skill level 6 in Invocations
  6570 | D:6      | Reached skill level 5 in Fighting
  7196 | D:6      | Reached skill level 7 in Invocations
  7213 | D:6      | Slain by a wraith

Illustrated notes

Levels and vault maps discovered:
D:1:      minmay_arrival_diagonal_passages, layout_basic, minmay_octomino_j4
D:2:      layout_loops_cross, basic_altar, uniq_crazy_yiuf_cottage
D:3:      layout_basic
D:4:      layout_loops_corners, doesnt_xom_only_xom,
          minmay_temple_entry_water_ring, uniq_eustachio
D:5:      layout_basic, ebering_ghost_gozag, dreamdust_princess_corridor,
          uniq_grinder, uniq_ijyb
D:6:      minmay_diamond_boxcup, layout_basic

Skill      XL: |  1  2  3  4  5  6  7  8 |
---------------+-------------------------+-----
Axes           | 2 3 4 5 |  5.7
Armour         | 3 4 |  4.8
Shields        | 3 4 |  4.8
Invocations    | 1 3 4 5 7 |  7.2
Fighting       | 4 5 |  5.4

Action                   |  1- 3 |  4- 6 |  7- 9 || total
-------------------------+-------+-------+-------++-------
Melee: War axe           |    84 |   159 |   102 ||   345
Evoke: Wand              |       |       |     4 ||     4
  Use: Scroll            |     3 |     3 |     4 ||    10
       Potion            |       |     1 |       ||     1
Armor: Scale mail        |    59 |   113 |    36 ||   208
Dodge: Dodged            |    37 |    81 |    33 ||   151
Block: Buckler           |    16 |    62 |    54 ||   132
       Reflection        |       |     1 |     2 ||     3

Table legend: (Time is in decaauts)
 A = Elapsed time spent in this place.
 B = Non-inter-level travel time spent in this place.
 C = Inter-level travel time spent in this place.
 D = Time resting spent in this place.
 E = Time spent auto-exploring this place.
 F = Levels seen in this place.
 G = Mean time per level.
                   A        B        C        D        E       F      G
               +--------+--------+--------+--------+--------+-----+--------+
         Total |   7344 |   7129 |    215 |   1748 |   4469 |   6 | 1224.0 |
       Dungeon |   7344 |   7129 |    215 |   1748 |   4469 |   6 | 1224.0 |
               +--------+--------+--------+--------+--------+-----+--------+

Top non-repeatable levels by time:
     D:5: 1526 daAuts
     D:4: 1462 daAuts
     D:1: 1346 daAuts
     D:6: 1268 daAuts
     D:2: 954 daAuts
     D:3: 785 daAuts
